 Dungeon Crawl Stone Soup version 0.29-a0-824-gd827844 (webtiles) character file.

Game seed: 16438520775440348400

85731 GeorgeSoros the Devastator (level 15, -9/86 HPs)
             Began as a Tengu Air Elementalist on July 8, 2022.
             Was the Champion of Hepliaklqana.
             Killed from afar by Frances (36 damage)
             ... with a shard of ice
             ... on level 12 of the Dungeon on July 10, 2022.
             The game lasted 02:09:10 (30528 turns).

GeorgeSoros the Devastator (TeAE)                  Turns: 30528, Time: 02:09:11

Health: -9/86      AC: 12    Str:  9    XL:     15   Next: 84%
Magic:  5/16       EV: 38    Int: 26    God:    Hepliaklqana [******]
Gold:   1800       SH: 14    Dex: 19    Spells: 11/26 levels left

rFire   + + +      SeeInvis +   b - staff of air
rCold   + . .      Faith    .   q - +2 shield of Resistance {rF++ rC++ Will++}
rNeg    + . .      Spirit   .   J - +3 leather armour {rF+}
rPois   .          Reflect  .   l - +0 hat
rElec   +          Harm     .   E - +2 cloak {rCorr}
rCorr   +          Rampage  .   D - +1 pair of gloves of Blue Skies {rElec rC- rN+ Dex+4}
Will    ++...                   (boots unavailable)
Stlth   ++........              i - amulet of the acrobat
HPRegen 0.24/turn               g - +4 ring of slaying
MPRegen 0.15/turn               y - ring "Yhun" {rF+++ Will- MP-9 Int+4 SInv}

@: brilliant, acrobatic, flying quickly and evasively, hasted, studying
Fighting, very quick
A: reduced essence, beak, talons 3, nimble flight
a: Renounce Religion, Recall Ancestor, Ancestor Identity, Transference, Idealise


You were on level 12 of the Dungeon.
You worshipped Hepliaklqana.
Hepliaklqana was exalted by your worship.
You visited 3 branches of the dungeon, and saw 19 of its levels.
You also visited: Bailey, Gauntlet and Volcano.

You collected 1800 gold pieces.

Inventory:

Hand Weapons
 a - the +9 whip "Miygin" {pain, *Noise rN++ rCorr Str+2}
   (You found it on level 1 of the Lair of Beasts)

   In the hands of one skilled in necromantic magic, it inflicts extra damage on
   living creatures.
   Str:       It affects your strength (+2).
   rN:        It greatly protects you from negative energy.
   *Noise:    It may make noises in combat.
   rCorr:     It protects you from acid and corrosion.
Missiles
 B - 11 curare-tipped darts
 K - a throwing net
Armour
 l - a +0 hat (worn)
 q - the +2 shield of Resistance (worn) {rF++ rC++ Will++}
   (You acquired it on level 7 of the Dungeon)

   rF:        It greatly protects you from fire.
   rC:        It greatly protects you from cold.
   Will:      It greatly increases your willpower.
 D - the +1 pair of gloves of Blue Skies (worn) {rElec rC- rN+ Dex+4}
   (You found it in a Gauntlet)

   Dex:       It affects your dexterity (+4).
   rC:        It makes you vulnerable to cold.
   rElec:     It insulates you from electricity.
   rN:        It protects you from negative energy.
 E - a +2 cloak of preservation (worn)
 J - a +3 leather armour of fire resistance (worn)
 N - the +7 swamp dragon scales of Analysis {Rampage *Slow rPois Slay+5 Stlth+}
   (You took it off a minotaur in a Gauntlet)

   Slay:      It affects your accuracy & damage with ranged weapons and melee
   (+5).
   rPois:     It protects you from poison.
   *Slow:     It may slow you when you take damage.
   Rampage:   It bestows one free step when moving towards enemies.
   Stlth:     It makes you more stealthy.
Magical Staves
 b - a staff of air (weapon)
Jewellery
 e - an amulet of guardian spirit
 g - a +4 ring of slaying (left hand)
 i - an amulet of the acrobat (around neck)
 m - a +6 ring of dexterity
 t - an amulet of regeneration
 u - a +4 ring of slaying
 y - the ring "Yhun" (right hand) {rF+++ Will- MP-9 Int+4 SInv}
   (You found it on level 5 of the Dungeon)

   [ring of see invisible]

   Int:       It affects your intelligence (+4).
   rF:        It renders you almost immune to fire.
   MP:        It affects your magic capacity (-9).
   SInv:      It lets you see invisible.
   Will:      It decreases your willpower.
 M - the ring of Activism {+Blink rC+ Str+4 Dex-3}
   (You took it off a minotaur in a Gauntlet)

   [ring of protection from cold]

   Str:       It affects your strength (+4).
   Dex:       It affects your dexterity (-3).
   rC:        It protects you from cold.
   +Blink:    It lets you blink.
Wands
 o - a wand of polymorph (4)
 C - a wand of flame (51)
 L - a wand of paralysis (10)
 O - a wand of roots (14)
Scrolls
 f - a scroll of fog
 h - 2 scrolls of silence
 k - 14 scrolls of teleportation
 r - 2 scrolls of enchant weapon
 x - 8 scrolls of amnesia
 z - a scroll of magic mapping
 F - 5 scrolls of identify
 H - 3 scrolls of vulnerability
Potions
 c - a potion of magic
 d - 2 potions of brilliance
 j - 5 potions of attraction
 n - 4 potions of cancellation
 p - 9 potions of mutation
 s - 8 potions of curing
 v - 4 potions of heal wounds
 w - 2 potions of haste
 A - a potion of lignification
 G - 2 potions of might
 I - a potion of berserk rage
Miscellaneous
 P - a lightning rod (4/4)


   Skills:
 - Level 12.2 Fighting
 + Level 5.7 Armour
 - Level 13.7 Dodging
 - Level 2.0 Stealth
 - Level 10.0 Shields
 + Level 6.0 Spellcasting
 + Level 15.5 Conjurations
 - Level 12.4 Summonings
 + Level 13.0 Air Magic


You had 11 spell levels left.
You knew the following spells:

 Your Spells              Type           Power      Damage    Failure   Level
a - Shock                 Conj/Air       100%       1d9       1%          1
b - Static Discharge      Conj/Air       100%       3-16/arc  1%          2
c - Call Canine Familiar  Summ           83%        N/A       1%          3
d - Airstrike             Air            53%        0-17+     1%          4
e - Iskenderun's Battles  Conj           93%        2d14      1%          5

Your spell library contained the following spells:

 Spells                   Type           Power      Damage    Failure   Level
 Summon Small Mammal      Summ           100%       N/A       1%          1
 Swiftness                Air            100%       N/A       1%          3
 Conjure Flame            Conj/Fire      64%        6-21      2%          3
 Summon Guardian Golem    Hex/Summ       57%        N/A       4%          3
 Flame Wave               Conj/Fire      64%        2d12      9%          4
 Sticky Flame             Conj/Fire      64%        2d8       9%          4
 Conjure Ball Lightning   Conj/Air       55%        3x3d20    9%          6
 Animate Armour           Summ/Erth      100%       N/A       16%         4
 Summon Ice Beast         Ice/Summ       57%        N/A       16%         4
 Summon Cactus Giant      Summ           41%        N/A       19%         6
 Beastly Appendage        Tmut           22%        N/A       21%         1
 Slow                     Hex            44%        N/A       21%         1
 Sting                    Tmut/Pois      44%        1d5       21%         1
 Fireball                 Conj/Fire      32%        3d14      24%         5
 Irradiate                Conj/Tmut      32%        3d24      24%         5
 Orb of Destruction       Conj           46%        9d12      28%         7
 Ensorcelled Hibernation  Hex/Ice        22%        N/A       30%         2
 Passwall                 Tmut/Erth      9%         N/A       30%         2
 Scorch                   Fire           22%        2d6       30%         2
 Sublimation of Blood     Necr           11%        N/A       30%         2
 Wereblood                Tmut           11%        N/A       30%         2
 Summon Forest            Summ/Tloc      28%        N/A       41%         5
 Confusing Touch          Hex            11%        N/A       52%         3
 Gell's Gravitas          Tloc           11%        N/A       52%         3
 Ignite Poison            Fire/Tmut/Pois 11%        N/A       52%         3
 Lesser Beckoning         Tloc           11%        N/A       52%         3
 Portal Projectile        Hex/Tloc       22%        N/A       52%         3
 Spider Form              Tmut/Pois      11%        N/A       52%         3
 Teleport Other           Tloc           11%        N/A       52%         3
 Vampiric Draining        Necr           11%        2d6       52%         3
 Summon Hydra             Summ           41%        N/A       71%         7
 Anguish                  Hex/Necr       5%         N/A       90%         4
 Dispel Undead            Necr           11%        3d9       90%         4
 Leda's Liquefaction      Hex/Erth       5%         N/A       90%         4
 Petrify                  Tmut/Erth      11%        N/A       90%         4
 Agony                    Necr           11%        N/A       99%         5
 Blade Hands              Tmut           5%         N/A       99%         5
 Yara's Violent Unravell  Hex/Tmut       5%         3d4       99%         5
 Eringya's Noxious Bog    Tmut/Pois      5%         N/A       100%        6
 Dragon Form              Tmut           5%         N/A       100%        7
 Infestation              Necr           5%         N/A       100%        8


Dungeon Overview and Level Annotations

Branches:
Dungeon (12/15)            Temple (1/1) D:4            Lair (6/6) D:9
  Swamp (0/4) Lair:4        Snake (0/4) Lair:2        Slime (0/5) Lair:6
 Bailey (visited)         Volcano (visited)         Gauntlet (visited)
    Orc: D:9-12

Altars:
Ashenzari
Cheibriados
Dithmenos
Elyvilon
Fedhas
Gozag
Hepliaklqana
Kikubaaqudgha
Makhleb
Nemelex Xobeh
Okawaru
Qazlal
Ru
Sif Muna
Trog
Uskayaw
Vehumet
Wu Jian
Xom
Yredelemnul
Zin
The Shining One

Annotations:
D:12 Frances
Lair:4 exclusion: oklob plant


Innate Abilities, Weirdness & Mutations

Your life essence is reduced to manifest your ancestor. (-10% HP)
You have a beak for a mouth.
You have claws for feet.
Your magical nature lets you fly swiftly and evasively.


Message History

Confirm with . or Enter, or press ? or * to list all spells.
You feel a surge of power!
You conjure a globe of magical energy.
You feel sick.
Frances drinks a potion.
Frances is healed!
The sun demon hits Audrea!
Audrea is engulfed in flames!
Audrea resists.
Audrea is destroyed!
You feel a strong surge of power!
The zap hits Frances but does no damage.
Frances is heavily wounded.
The zap hits the rust devil.
The rust devil resists.
The rust devil is moderately wounded.
The zap hits the sun demon but does no damage.
The sun demon is heavily wounded.
Your battlesphere fires!
The barrage of energy hits Frances.
Frances is heavily wounded.
Frances chants phrases taken from a devil's mouth.
You block the shard of ice.
You feel a strong surge of power!
The zap hits Frances!
Frances is severely wounded.
The zap hits the sun demon but does no damage.
The sun demon is heavily wounded.
You feel sick.
Your battlesphere fires!
The barrage of energy hits Frances!!
Frances is severely wounded.
Frances chants phrases taken from a devil's mouth.
The iron shot hits you!!!
Ouch! That really hurt!
* * * LOW HITPOINT WARNING * * *
You feel much better.
You feel sick.
You feel sick.
You feel sick.
You are no longer poisoned.
The sun demon hits your battlesphere!!
Your battlesphere is engulfed in flames.
Your battlesphere resists.
Frances mutters in a terrible tongue.
The shard of ice hits you!!! You partially resist.
You die...

####### ##.....### ##........##
####### ##..........##
#####.....### ###............##
#°..........####...............#
#...........##................<#
......4..*......@..............#
......3..4.@.....###.........###
...............### #..########
.............### ##..#
.............# #..#
.............# #..
............## ............#
............#


You could see Frances (fast), a rust devil (summoned) and a friendly
battlesphere.

Vanquished Creatures
  Gastronok (D:10)
  An orc warlord (D:11)
  A minotaur (Gauntlet)
  A boulder beetle (Lair:5)
  Erolcha (D:11)
  5 hydras
  9 death yaks
  2 catoblepae
  Urug (Lair:1)
  A deep elf knight (D:11)
  Sonja (Lair:4)
  A lindwurm (Lair:6)
  2 orc knights
  A wolf spider (D:11)
  2 ugly things (D:11)
  A cyclops (D:11)
  4 salamanders (Volcano)
  Maurice (D:9)
  A black mamba (Lair:5)
  2 elephants (Lair:6)
  5 cane toads
  4 rime drakes
  An efreet (D:11)
  9 komodo dragons
  2 trolls (D:12)
  2 polar bears (Lair:6)
  A hornet (D:11)
  A tyrant leech (Lair:4)
  8 blink frogs
  22 yaks
  2 fire bats
  A wyvern (Lair:6)
  A basilisk (Lair:5)
  A wraith (D:11)
  3 wargs (D:9)
  4 vampire mosquitoes
  A naga (Lair:2)
  An acid dragon (D:11)
  10 water moccasins
  3 hell hounds
  9 orc warriors
  An ice beast (D:5)
  4 black bears
  18 wolves
  2 ogres
  3 centaurs
  A phantom (D:4)
  4 kobold brigands
  3 bullfrogs
  A wight (D:8)
  9 killer bees
  4 electric eels
  2 howler monkeys
  2 jellies
  6 orc priests
  4 hounds
  2 iguanas
  9 orc wizards
  Robin (D:4)
  3 adders
  7 gnolls
  2 shadow imps (D:6)
  4 white imps (D:6)
  4 ufetubi
  A worm (D:4)
  A dart slug (D:2)
  41 orcs
  5 endoplasms
  7 giant cockroaches
  23 goblins
  18 hobgoblins
  31 kobolds
  10 quokkas
  11 bats
  5 frilled lizards
  4 rats
383 creatures vanquished.

Vanquished Creatures (collateral kills)
  A fire giant (D:11)
  Snorg (D:10)
  Josephine (D:11)
  A hydra (Lair:2)
  A boulder beetle (D:11)
  A catoblepas (D:11)
  A two-headed ogre (D:9)
  4 death yaks
  A deep troll earth mage (D:11)
  A deep troll shaman (Lair:6)
  A wizard (D:11)
  A black mamba (Lair:4)
  5 cane toads
  An unseen horror (D:12)
  2 komodo dragons
  A blink frog (Lair:4)
  A wyvern (D:9)
  6 wraiths
  2 basilisks (Lair:5)
  A fire bat (Gauntlet)
  14 yaks
  2 vampire mosquitoes (D:11)
  A steam dragon (D:7)
  A swamp worm (Lair:4)
  An acid dragon (D:11)
  2 nagas (Lair:2)
  4 water moccasins
  5 orc warriors
  2 black bears
  2 sky beasts
  4 wolves
  2 centaurs
  5 bullfrogs
  A kobold brigand (D:11)
  A scorpion (D:6)
  A gnoll sergeant (D:10)
  4 wights
  A killer bee (D:9)
  2 electric eels (D:11)
  3 howler monkeys
  2 hounds
  2 orc priests
  An iguana (D:5)
  5 orc wizards
  2 gnolls (Bailey)
  A shadow imp (D:6)
  A white imp (D:7)
  3 ufetubi (D:6)
  4 orcs
  6 goblins (Bailey)
  2 hobgoblins (Bailey)
  5 kobolds
  A butterfly (Lair:4)
127 creatures vanquished.

Vanquished Creatures (others)
  A deep elf knight (D:11)
  A hell hound (Volcano)
  20 knights
  An ancestor (D:5)
  9 demonic plants (D:6)
  45 fungi
  64 plants
141 creatures vanquished.

Grand Total: 651 creatures vanquished

Notes
Turn   | Place    | Note
-------+----------+-------------------------------------------
     0 | D:1      | GeorgeSoros the Tengu Air Elementalist began the quest for
                  | the Orb.
     0 | D:1      | Reached XP level 1. HP: 10/10 MP: 4/4
   244 | D:1      | Reached XP level 2. HP: 15/15 MP: 1/6
   311 | D:1      | Learned a level 2 spell: Static Discharge
   454 | D:1      | Reached skill level 2 in Conjurations
   590 | D:1      | Reached skill level 1 in Armour
  1004 | D:1      | Found a faded altar of an unknown god.
  1006 | D:1      | Reached XP level 3. HP: 19/19 MP: 5/7
  1202 | D:1      | Learned a level 3 spell: Call Canine Familiar
  1874 | D:2      | Reached skill level 1 in Summonings
  1874 | D:2      | Reached XP level 4. HP: 18/24 MP: 1/8
  2181 | D:2      | Identified a scroll of acquirement
  2181 | D:2      | Acquired a staff of air
  2469 | D:3      | Reached skill level 3 in Conjurations
  2580 | D:3      | Gained mutation: Your magical nature lets you fly swiftly
                  | and evasively. [Tengu growth]
  2580 | D:3      | Reached XP level 5. HP: 21/28 MP: 3/9
  2581 | D:3      | Reached skill level 5 in Air Magic
  3303 | D:4      | Reached XP level 6. HP: 32/32 MP: 6/10
  3385 | D:4      | Found a staircase to the Ecumenical Temple.
  3398 | Temple   | Entered the Ecumenical Temple
  3444 | Temple   | Became a worshipper of Hepliaklqana the Forgotten
  3648 | D:4      | You are sucked into a shaft and drop 3 floors!
  3657 | D:7      | Noticed a wraith
  3669 | D:7      | Noticed a sky beast
  3689 | D:6      | Noticed an orc warrior
  3695 | D:5      | Entered Level 5 of the Dungeon
  3695 | D:5      | Noticed an ice beast
  3935 | D:4      | Found a stormy altar of Qazlal.
  4227 | D:4      | Noticed Robin
  4242 | D:4      | Killed Robin
  4243 | D:4      | Reached skill level 4 in Conjurations
  4632 | D:4      | Reached * piety under Hepliaklqana
  4833 | D:5      | Noticed a black bear
  4840 | D:5      | Killed a black bear
  4841 | D:5      | Reached XP level 7. HP: 32/32 MP: 5/11
  4900 | D:5      | Identified the ring "Yhun" {rF+++ Will- MP-9 Int+4 SInv}
  5260 | D:5      | Reached skill level 5 in Conjurations
  5296 | D:5      | Found a sparkling altar of Nemelex Xobeh.
  5296 | D:5      | Found an opulent altar of Gozag.
  5528 | D:5      | Reached XP level 8. HP: 36/36 MP: 4/12
  5755 | D:5      | Reached ** piety under Hepliaklqana
  5756 | D:5      | Remembered your ancestor Audrea as a knight
  5785 | D:5      | Found a basalt altar of Yredelemnul.
  5881 | D:5      | Reached skill level 5 in Dodging
  6666 | D:6      | Reached skill level 6 in Conjurations
  6810 | D:6      | Reached skill level 5 in Summonings
  7036 | D:6      | Found a shimmering blue altar of Sif Muna.
  7623 | D:6      | Reached skill level 7 in Conjurations
  7623 | D:6      | Reached XP level 9. HP: 40/40 MP: 7/13
  8303 | D:7      | Found a radiant altar of Vehumet.
  8365 | D:7      | Acquired the +2 shield of Resistance {rF++ rC++ Will++}
  8365 | D:7      | Found the +2 shield of Resistance {rF++ rC++ Will++}
  9102 | D:7      | Found a hazy altar of Hepliaklqana.
  9104 | D:7      | Found a stormy altar of Qazlal.
  9104 | D:7      | Found a bloodstained altar of Trog.
  9106 | D:7      | Found a shimmering altar of Xom.
  9106 | D:7      | Found a white marble altar of Elyvilon.
  9106 | D:7      | Found an iron altar of Okawaru.
  9316 | D:7      | Reached skill level 5 in Shields
  9465 | D:8      | Learned a level 4 spell: Airstrike
  9673 | D:8      | Reached XP level 10. HP: 45/45 MP: 5/14
 10240 | D:8      | Reached *** piety under Hepliaklqana
 10418 | D:9      | Found a flagged portal.
 10487 | Bailey   | Entered a bailey
 11011 | Bailey   | HP: 1/45 [orc warrior/+0 war axe (11)]
 11360 | Bailey   | Noticed an orc warlord
 11412 | Bailey   | Noticed an orc knight
 11420 | Bailey   | Killed an orc knight
 11960 | D:9      | Reached skill level 10 in Shields
 12102 | D:9      | Noticed Maurice
 12135 | D:9      | Killed Maurice
 12136 | D:9      | Reached skill level 5 in Fighting
 12184 | D:9      | Reached XP level 11. HP: 27/57 MP: 1/15
 12413 | D:9      | Found a staircase to the Lair.
 12501 | D:9      | Found a white marble altar of Elyvilon.
 12968 | D:9      | Reached skill level 10 in Summonings
 12968 | D:9      | Reached XP level 12. HP: 72/72 MP: 7/16
 13116 | D:9      | Noticed a two-headed ogre
 13126 | D:9      | Killed a two-headed ogre
 13267 | D:9      | Reached **** piety under Hepliaklqana
 13585 | Lair:1   | Entered Level 1 of the Lair of Beasts
 13597 | Lair:1   | Identified the +9 whip "Miygin" {pain, *Noise rN++ rCorr
                  | Str+2}
 13920 | Lair:1   | Noticed Urug
 13964 | Lair:1   | Killed Urug
 15284 | Lair:2   | Identified the +10 plate armour of the Red Skies {rC++
                  | Will- Regen+ Dex+3}
 15827 | Lair:2   | Found a staircase to the Snake Pit.
 15843 | Lair:2   | Reached ***** piety under Hepliaklqana
 16467 | Lair:3   | Noticed a six-headed hydra
 16467 | Lair:3   | Noticed a four-headed hydra
 16589 | Lair:2   | Killed a four-headed hydra
 16777 | Lair:2   | Killed a six-headed hydra
 17007 | Lair:3   | Reached skill level 8 in Conjurations
 17014 | Lair:3   | Learned a level 5 spell: Iskenderun's Battlesphere
 17152 | Lair:3   | Reached skill level 10 in Dodging
 17300 | Lair:3   | Noticed a death yak
 17301 | Lair:3   | Noticed a death yak
 17335 | Lair:3   | Noticed a death yak
 17379 | Lair:3   | Noticed a death yak
 17380 | Lair:3   | Noticed a death yak
 17384 | Lair:3   | Noticed a death yak
 17388 | Lair:3   | Killed a death yak
 17389 | Lair:3   | Reached skill level 9 in Conjurations
 17389 | Lair:3   | Reached XP level 13. HP: 41/77 MP: 7/17
 18628 | Lair:3   | Reached skill level 10 in Conjurations
 19198 | Lair:4   | Found a dark tunnel.
 19204 | Volcano  | Entered a volcano
 19538 | Volcano  | Reached skill level 11 in Conjurations
 20178 | Lair:4   | Found a stormy altar of Qazlal.
 20695 | Lair:4   | Found a staircase to the Swamp.
 20781 | Lair:4   | Noticed Sonja
 20793 | Lair:4   | Killed Sonja
 20955 | Lair:4   | Reached skill level 12 in Conjurations
 22041 | Lair:4   | Reached skill level 5 in Spellcasting
 22041 | Lair:4   | Reached skill level 13 in Conjurations
 22041 | Lair:4   | Reached XP level 14. HP: 82/82 MP: 17/22
 22654 | Lair:5   | Reached skill level 10 in Air Magic
 23241 | Lair:5   | Found a blossoming altar of Fedhas.
 23701 | Lair:6   | Entered Level 6 of the Lair of Beasts
 23701 | Lair:6   | Found a staircase to the Slime Pits.
 24909 | Lair:5   | Reached XP level 15. HP: 61/86 MP: 15/23
 25595 | Lair:6   | Reached skill level 14 in Conjurations
 26825 | D:10     | Entered Level 10 of the Dungeon
 26857 | D:10     | Noticed Snorg
 26857 | D:10     | Noticed Gastronok
 26907 | D:10     | Killed Gastronok
 26913 | D:10     | Killed Snorg
 27147 | D:10     | Found a bloodstained altar of Trog.
 27152 | D:10     | Reached ****** piety under Hepliaklqana
 28014 | D:11     | Found a gate leading to a gauntlet.
 28074 | Gauntlet | Entered a Gauntlet
 28074 | Gauntlet | Found a transporter.
 28086 | Gauntlet | Found a transporter.
 28089 | Gauntlet | Found a transporter.
 28090 | Gauntlet | Found a transporter.
 28093 | Gauntlet | Found a transporter.
 28094 | Gauntlet | Found a transporter.
 28102 | Gauntlet | Found a transporter.
 28109 | Gauntlet | Found a transporter.
 28189 | Gauntlet | Found a transporter.
 28194 | Gauntlet | Noticed a balrug
 28201 | Gauntlet | Found a transporter.
 28205 | Gauntlet | Found a transporter.
 28221 | Gauntlet | Found a transporter.
 28297 | Gauntlet | Identified the +1 pair of gloves of Blue Skies {rElec rC-
                  | rN+ Dex+4}
 28396 | Gauntlet | Identified the +2 pair of gloves of Dim Light {Contam Fly
                  | rPois}
 28516 | Gauntlet | Identified the +8 battleaxe "Mighy" {drain, rF- rCorr Dex+3
                  | Stlth+}
 28516 | Gauntlet | Identified the +7 swamp dragon scales of Analysis {Rampage
                  | *Slow rPois Slay+5 Stlth+}
 28516 | Gauntlet | Identified the ring of Activism {+Blink rC+ Str+4 Dex-3}
 28539 | Gauntlet | Got Miwump's Catalogue of Unified Changing
 28542 | Gauntlet | Got the Vellum of Sculpting
 28664 | Gauntlet | Got the Octavo of the Unemployed Unperson
 29034 | D:11     | Reached skill level 15 in Conjurations
 29333 | D:11     | Noticed Erolcha
 29339 | D:11     | Killed Erolcha
 29538 | D:11     | Noticed an orc warlord
 29539 | D:11     | Noticed a fire giant
 29550 | D:11     | Reached skill level 5 in Armour
 29553 | D:11     | Killed an orc warlord
 29562 | D:11     | Killed a fire giant
 29999 | D:11     | Noticed Josephine
 30008 | D:11     | Killed Josephine
 30476 | D:12     | Noticed Frances
 30528 | D:12     | Killed from afar by Frances

Illustrated notes

Levels and vault maps discovered:
D:1:      heliophobic_arrival_ceremonial_halls, layout_basic,
          chequers_ecumenical_altar_simple, minivault_14
D:2:      layout_rooms
D:3:      layout_loops_cross
D:4:      layout_basic, mainiacjoe_overflow_surrounded_room,
          minmay_temple_entry_ruins, cheibrodos_sewer_entry_bend,
          kennysheep_dice, uniq_robin
D:5:      layout_basic, lemuel_tele_altar, grunt_temple_overflow_opulence
D:6:      layout_loops_cross, kennysheep_orc_sif_temple, serial_demonic,
          serial_demonic_d, serial_demonic_g, serial_demonic_a,
          serial_demonic_d, serial_demonic_b, serial_demonic_e,
          serial_demonic_c, hangedman_decor_growths
D:7:      layout_cave_pools, nicolae_vehumet_radiance, doesnt_xom_only_xom
D:8:      layout_rooms
D:9:      layout_stronghold, nicolae_elyvilon_temple_path,
          erik_lair_orcish_takeover, enter_bailey_8, uniq_maurice
D:10:     layout_gridville, bloody_trog, minmay_door_square, uniq_snorg,
          uniq_gastronok
D:11:     minmay_sliced_demisemicircle, layout_basic, gauntlet_entry_generic,
          uniq_josephine, uniq_erolcha
D:12:     layout_cave_pods, david_orc_3, uniq_frances
Temple:   nicolae_temple_ecumenical_triangle
Lair:1:   layout_regular_city, uniq_urug
Lair:2:   layout_long_grid, minmay_snake_entry_guardpost_small
Lair:3:   layout_chaotic_city, minivault_26, st_stairs_9
Lair:4:   layout_cave_pods, minmay_swamp_entry_worms, enter_volcano_1,
          lemuel_oklob_altar, serial_bayou_shore_b, lemuel_fruit_fields,
          grunt_megastairs_2, uniq_sonja
Lair:5:   layout_cave_pods, basic_altar, wad_woods_road_03
Lair:6:   grunt_lair_end_beastmaster, layout_misc_corridors, slime_entry_1

Skill      XL: |  1  2  3  4  5  6  7  8  9 10 11 12 13 14 15 |
---------------+----------------------------------------------+-----
Conjurations   | 2 3 4 5 7 9 13 15 | 15.5
Armour         | 1 2 3 4 5 |  5.7
Dodging        | 3 4 6 10 12 13 | 13.7
Summonings     | 1 2 3 4 5 6 10 12 | 12.4
Air Magic      | 5 6 8 9 10 13 | 13.0
Shields        | 6 10 | 10.0
Fighting       | 5 11 12 | 12.2
Spellcasting   | 5 6 |  6.0
Stealth        | |  2.0

Action                   |  1- 3 |  4- 6 |  7- 9 | 10-12 | 13-15 || total
-------------------------+-------+-------+-------+-------+-------++-------
Melee: Dagger            |    15 |     1 |       |     2 |       ||    18
       Kick              |     2 |     1 |       |    26 |    56 ||    85
       Peck              |     2 |       |       |     9 |    29 ||    40
       Staff             |       |     1 |     2 |    19 |     9 ||    31
       Whip              |       |       |       |    38 |    99 ||   137
Throw: Dart              |       |       |       |       |     2 ||     2
 Cast: Shock             |    84 |    96 |   249 |   308 |   516 ||  1253
       Static Discharge  |       |     2 |     4 |    30 |    16 ||    52
       Call Canine Famil |       |       |     2 |     5 |     2 ||     9
       Airstrike         |       |       |       |    21 |     2 ||    23
       Iskenderun's Batt |       |       |       |       |    65 ||    65
Invok: Recall Ancestor   |       |       |     3 |     2 |     9 ||    14
       Ancestor Life: Kn |       |       |     1 |       |       ||     1
Evoke: Wand              |       |       |       |     4 |     2 ||     6
  Use: Scroll            |     2 |     9 |     6 |    10 |     5 ||    32
       Potion            |       |       |       |     2 |     9 ||    11
 Stab: Distracted        |       |       |       |     1 |     1 ||     2
       Invisible         |       |       |       |       |     1 ||     1
Armor: Robe              |     3 |     1 |     3 |     8 |     3 ||    18
       Leather armour    |       |       |       |       |    31 ||    31
Dodge: Dodged            |    18 |    14 |    31 |    79 |   230 ||   372
Block: Kite shield       |       |       |       |    55 |   228 ||   283

Table legend: (Time is in decaauts)
 A = Elapsed time spent in this place.
 B = Non-inter-level travel time spent in this place.
 C = Inter-level travel time spent in this place.
 D = Time resting spent in this place.
 E = Time spent auto-exploring this place.
 F = Levels seen in this place.
 G = Mean time per level.
                   A        B        C        D        E       F      G
               +--------+--------+--------+--------+--------+-----+--------+
         Total |  29268 |  27980 |   1288 |   5230 |  17665 |  22 | 1330.4 |
       Dungeon |  14775 |  14143 |    632 |   1501 |  10503 |  12 | 1231.2 |
        Temple |     50 |     43 |      7 |      0 |     30 |   1 |   50.0 |
          Lair |  11871 |  11223 |    648 |   2441 |   6777 |   6 | 1978.5 |
        Bailey |   1215 |   1215 |      0 |    718 |    165 |   1 | 1215.0 |
       Volcano |    795 |    795 |      0 |    396 |     90 |   1 |  795.0 |
      Gauntlet |    560 |    560 |      0 |    172 |     98 |   1 |  560.0 |
               +--------+--------+--------+--------+--------+-----+--------+

Top non-repeatable levels by time:
  Lair:5: 2995 daAuts
  Lair:2: 2406 daAuts
  Lair:4: 2062 daAuts
     D:6: 1960 daAuts
     D:9: 1951 daAuts
    D:11: 1680 daAuts
  Lair:3: 1624 daAuts
     D:1: 1462 daAuts
  Lair:1: 1409 daAuts
  Lair:6: 1373 daAuts
     D:4: 1349 daAuts
     D:5: 1304 daAuts
  Bailey: 1215 daAuts
     D:7: 1205 daAuts
    D:10: 1038 daAuts
